 Dungeon Crawl Stone Soup version 0.23.2-1-ga50397a (webtiles) character file.

Game seed: 13022983017956071865

1216 xveg the Slinger (level 8, -2/51 HPs)
             Began as a Halfling Hunter on May 9, 2019.
             Slain by a sixfirhy (4 damage)
             ... on level 1 of the Abyss.
             The game lasted 00:11:01 (4450 turns).

xveg the Slinger (Halfling Hunter)                  Turns: 4450, Time: 00:11:02

Health: -2/51      AC:  7    Str: 13 (15) XL:     8   Next: 75%
Magic:  8/8        EV: 14    Int:  9      God:
Gold:   86         SH: 10    Dex: 15      Spells: 7/7 levels left

rFire    . . .     SeeInvis .   a - +1 hunting sling
rCold    + + .     Gourm    .   o - +0 shield
rNeg     . . .     Faith    .   c - +1 leather armour
rPois    .         Spirit   .   (no helmet)
rElec    .         Reflect  .   (no cloak)
rCorr    .         Harm     .   (no gloves)
MR       .....                  i - +2 pair of boots
Stlth    ++........             (no amulet)
HPRegen  0.17/turn              e - ring of protection from cold
MPRegen  0.11/turn              u - ring of protection from cold

@: no status effects
A: small, hooves 1, mutation resistance 1, no potion heal 1
a: no special abilities


You were on level 1 of the Abyss.
You were not hungry.

You visited 1 branch of the dungeon, and saw 4 of its levels.
You visited the Abyss 1 time.

You collected 294 gold pieces.
You spent 208 gold pieces at shops.

Inventory:

Hand Weapons
 a - a +1 hunting sling (weapon)
 b - a +2 short sword
 j - the +8 falchion of Doom {freeze, +Rage rPois Str+2}
   (You bought it in a shop on level 4 of the Dungeon)

   It has been specially enchanted to freeze those struck by it, causing extra
   injury to most foes and up to half again as much damage against particularly
   susceptible opponents.
   It can also slow down cold-blooded creatures.
   It affects your strength (+2).
   It protects you from poison.
   It lets you go berserk.
 m - a +2 dagger of speed
Missiles
 g - 100 stones (quivered)
Armour
 c - a +1 leather armour (worn)
 i - a +2 pair of boots (worn)
 l - a +1 pair of boots
 o - a +0 shield (worn)
Jewellery
 e - a ring of protection from cold (left hand)
 n - a -2 ring of strength
 u - a ring of protection from cold (right hand)
Scrolls
 t - 2 scrolls of amnesia
Potions
 h - a potion of mutation
Miscellaneous
 r - a phantom mirror
Comestibles
 f - 6 rations


   Skills:
 - Level 2.6 Fighting
 + Level 0.4 Long Blades
 + Level 11.3 Slings
 + Level 3.0 Armour
 + Level 4.1 Dodging
 - Level 1.1 Stealth
 * Level 5.0 Shields


You had 7 spell levels left.
You didn't know any spells.
Your spell library was empty.

Dungeon Overview and Level Annotations

Branches:
Dungeon (4/15)
 Temple: D:4-7

Altars:

Shops:
D:4 (

Annotations:
D:4 Curus's ghost, novice MiAK


Innate Abilities, Weirdness & Mutations

You are small and have problems with some larger weapons.
You are somewhat resistant to further mutation.
You have large cloven feet.
Potions are less effective at restoring your health.


Message History

Aim: a fire bat (almost dead)
You shoot a stone. The stone hits the fire bat.
You kill the fire bat!
You feel your dexterity returning.
Your Armour skill increases to level 3!
Your Dodging skill increases to level 4!
Your Shields skill increases to level 5!
g - 84 stones (gained 1)
g - 85 stones (gained 1)
g - 86 stones (gained 1)
g - 100 stones (gained 14)
You feel less vulnerable to hostile enchantments.
A sixfirhy comes into view.
The sixfirhy moves out of view.
The sixfirhy hits you! The sixfirhy shocks you! The sixfirhy hits you.
* * * LOW HITPOINT WARNING * * *
The sixfirhy shocks you!
* * * LOW HITPOINT WARNING * * *
The sixfirhy hits you.
You die...

. . .# ..
.. .. # .
.. ## .
.....## #
... # . .
..#.
..#.#
..#.
...##.# .
# . #.3##
# .
#@.### #
#.....#
#.#....#
#.#..#...
. ยง .#
..####...
# .# ###
.# . # #.
# # # . .
. # # .


You could see a sixfirhy.

Vanquished Creatures
  2 fire bats (Abyss:1)
  A sky beast (D:2)
  An orc warrior (D:3)
  A phantom (D:3)
  An ogre (D:4)
  A small abomination (Abyss:1)
  A quasit (Abyss:1)
  3 orc priests (D:3)
  2 orc wizards (D:3)
  Jessica (D:2)
  An iguana (D:4)
  2 worker ants (D:4)
  A hound skeleton (D:4)
  3 gnolls (D:4)
  A howler monkey skeleton (D:4)
  8 adders
  An ooze (D:1)
  2 worms (D:3)
  4 leopard geckos
  12 orcs (D:3)
  5 bats
  4 giant cockroaches
  9 goblins
  5 hobgoblins
  2 jackals (D:1)
  4 quokkas
  6 ball pythons
  5 frilled lizards
  11 kobolds
  7 rats
107 creatures vanquished.

Vanquished Creatures (others)
  4 toadstools (D:1)
4 creatures vanquished.

Grand Total: 111 creatures vanquished

Notes
Turn   | Place    | Note
-------+----------+-------------------------------------------
     0 | D:1      | xveg the Halfling Hunter began the quest for the Orb.
     0 | D:1      | Reached XP level 1. HP: 14/14 MP: 1/1
    30 | D:1      | Reached skill level 6 in Slings
    90 | D:1      | Reached XP level 2. HP: 19/19 MP: 2/2
   269 | D:1      | Reached XP level 3. HP: 21/24 MP: 3/3
   651 | D:2      | Noticed Jessica
   663 | D:2      | Killed Jessica
   663 | D:2      | Reached skill level 7 in Slings
   663 | D:2      | Reached XP level 4. HP: 29/29 MP: 4/4
   757 | D:2      | Noticed a sky beast
   784 | D:2      | Killed a sky beast
   784 | D:2      | Reached skill level 8 in Slings
   784 | D:2      | Reached skill level 1 in Armour
   784 | D:2      | Reached XP level 5. HP: 8/35 MP: 5/5
  1348 | D:2      | Found a faded altar of an unknown god.
  1385 | D:2      | Reached XP level 6. HP: 30/41 MP: 6/6
  1843 | D:3      | Reached skill level 1 in Shields
  1927 | D:3      | Reached skill level 9 in Slings
  2230 | D:3      | Reached XP level 7. HP: 45/45 MP: 7/7
  2502 | D:3      | Reached skill level 10 in Slings
  3473 | D:4      | Reached XP level 8. HP: 5/51 MP: 8/8
  3477 | D:4      | Gained mutation: Potions are less effective at restoring
                  | your health. [potion of mutation]
  3477 | D:4      | Gained mutation: You have large cloven feet. [potion of
                  | mutation]
  3762 | D:4      | Found Delaxtoh's Antique Weapon Shoppe.
  3925 | D:4      | Found a runed translucent gate.
  3925 | D:4      | Found a runed translucent gate.
  3925 | D:4      | Found a runed translucent gate.
  3926 | D:4      | Noticed Curus's ghost (novice MiAK)
  3926 | D:4      | Identified the cursed +0 short sword of Evil {pain, SInv}
  4226 | D:4      | Bought a bloodstained falchion for 208 gold pieces
  4231 | D:4      | Identified the +8 falchion of Doom {freeze, +Rage rPois
                  | Str+2} (You bought it in a shop on level 4 of the Dungeon)
  4263 | D:4      | Cast into level 1 of the Abyss (big kobold)
  4332 | Abyss:1  | Reached skill level 11 in Slings
  4348 | Abyss:1  | Noticed a fire bat
  4349 | Abyss:1  | Noticed a fire bat
  4357 | Abyss:1  | Killed a fire bat
  4366 | Abyss:1  | Killed a fire bat
  4366 | Abyss:1  | Reached skill level 5 in Shields
  4389 | Abyss:1  | Noticed a sixfirhy
  4450 | Abyss:1  | HP: 2/51 [sixfirhy (10)]
  4450 | Abyss:1  | Slain by a sixfirhy

Skill      XL: |  1  2  3  4  5  6  7  8 |
---------------+-------------------------+-----
Slings         | 6 7 8 9 10 11 | 11.3
Fighting       | 2 |  2.6
Armour         | 1 2 3 |  3.0
Dodging        | 3 4 |  4.1
Shields        | 1 3 5 |  5.0
Long Blades    | |  0.4
Stealth        | |  1.1

Action                   |  1- 3 |  4- 6 |  7- 9 || total
-------------------------+-------+-------+-------++-------
Melee: Hunting sling     |       |     1 |       ||     1
       Short sword       |       |    66 |    55 ||   121
       Dagger            |       |       |    48 ||    48
       Falchion          |       |       |    15 ||    15
 Fire: Hunting sling     |    66 |   108 |   155 ||   329
  Use: Potion            |       |     2 |     7 ||     9
       Scroll            |       |       |    11 ||    11
 Stab: Sleeping          |       |       |     1 ||     1
  Eat: Ration            |       |     2 |     2 ||     4
Armor: Leather armour    |     3 |    38 |    37 ||    78
Dodge: Dodged            |    22 |    48 |    80 ||   150
Block: Shield            |       |    41 |    82 ||   123
       Rpst.: Falchion   |       |       |     3 ||     3
